 Dungeon Crawl Stone Soup version 0.25.0-11-g1f837a76a1 (webtiles) character file.

Game seed: 4465628839945296930

91 Ijustatesigmund the Chopper (level 4, -1/40 HPs)
             Began as a Hill Orc Gladiator on June 24, 2020.
             Slain by an ice beast (14 damage)
             ... on level 2 of the Dungeon.
             The game lasted 00:03:58 (1811 turns).

Ijustatesigmund the Chopper (Hill Orc Gladiator)    Turns: 1811, Time: 00:03:59

Health: -1/40      AC:  6    Str: 16    XL:     4   Next: 59%
Magic:  4/4        EV: 12    Int:  8    God:
Gold:   103        SH:  0    Dex: 13    Spells: 3/3 levels left

rFire    . . .     SeeInvis .   a - +1 war axe
rCold    . . .     Gourm    .   (no shield)
rNeg     . . .     Faith    .   b - +0 leather armour
rPois    .         Spirit   .   c - +1 helmet
rElec    .         Reflect  .   e - +0 cloak
rCorr    .         Harm     .   (no gloves)
MR       .....                  (no boots)
Stlth    +.........             (no amulet)
HPRegen  0.13/turn              (no ring)
MPRegen  0.09/turn              (no ring)

@: no status effects
A: no striking features
a: no special abilities


You were on level 2 of the Dungeon.
You were not hungry.

You visited 1 branch of the dungeon, and saw 2 of its levels.

You collected 103 gold pieces.

Inventory:

Hand Weapons
 a - a +1 war axe (weapon)
Missiles
 d - 3 throwing nets
 h - 9 poisoned darts (quivered)
Armour
 b - a +0 leather armour (worn)
 c - a +1 helmet (worn)
 e - a +0 cloak (worn)
Wands
 k - a wand of polymorph (3)
Scrolls
 j - 2 scrolls of identify
Potions
 i - 2 potions of brilliance
Comestibles
 f - 4 rations


   Skills:
 + Level 3.7 Fighting
 + Level 5.1 Axes
 - Level 1.7 Throwing
 + Level 2.4 Armour
 - Level 2.4 Dodging


You had 3 spell levels left.
You didn't know any spells.
Your spell library was empty.

Dungeon Overview and Level Annotations

Branches:
Dungeon (2/15)

Altars:
Gozag
Xom


Message History

The ice beast hits you. The ice beast freezes you!
You are too injured to fight recklessly!
You are too injured to fight recklessly!
You are too injured to fight recklessly!
You are too injured to fight recklessly!
You are too injured to fight recklessly!
You are too injured to fight recklessly!
You are too injured to fight recklessly!
You are too injured to fight recklessly!
Okay, then.
Okay, then.
Throwing (i - inventory. (/) - cycle)
h - 10 poisoned darts (quivered)
Press: ? - help, Shift-Dir - straight line, f - ice beast
Aim: an ice beast (lightly wounded)
You throw a poisoned dart. The poisoned dart hits the ice beast.
The ice beast is lightly wounded.
The ice beast barely misses you. The ice beast barely misses you.
The ice beast hits you. The ice beast freezes you!
You die...

..# .# #.# #.## #.#
#..(## #.###.....##
#######.##.†.....#
......#......_....
#.....#(......# ##
#...Y.##.....##
#...##..@..# #.(.##
#.....#.## #.##
#...###.#.# )# ##. #.#.#
# #.####.#+## #
#.........## #.#####
#.####.....## .....
....#.......## #..##
#.#..........####...####


You could see an ice beast.

Vanquished Creatures
  4 adders (D:2)
  An ooze (D:1)
  A worm (D:2)
  3 dart slugs (D:1)
  2 giant cockroaches
  6 goblins
  4 hobgoblins
  6 kobolds
  6 bats
  6 frilled lizards
  7 rats
46 creatures vanquished.

Notes
Turn   | Place    | Note
-------+----------+-------------------------------------------
     0 | D:1      | Ijustatesigmund the Hill Orc Gladiator began the quest for
                  | the Orb.
     0 | D:1      | Reached XP level 1. HP: 18/18 MP: 1/1
   263 | D:1      | Reached skill level 1 in Armour
   263 | D:1      | Reached XP level 2. HP: 23/25 MP: 2/2
   532 | D:1      | Reached XP level 3. HP: 31/31 MP: 3/3
  1162 | D:2      | Reached XP level 4. HP: 28/38 MP: 4/4
  1363 | D:2      | Found an opulent altar of Gozag.
  1568 | D:2      | Reached skill level 5 in Axes
  1798 | D:2      | Found a shimmering altar of Xom.
  1799 | D:2      | Noticed an ice beast
  1811 | D:2      | Slain by an ice beast

Illustrated notes

Levels and vault maps discovered:
D:1:      minmay_arrival_four_houses, layout_basic
D:2:      layout_loops_corners, lemuel_round_altar, grunt_gozag_breadcrumbs,
          gammafunk_temple_overflow_statue, grunt_ministairs_2

Skill      XL: |  1  2  3  4 |
---------------+-------------+-----
Armour         | 1 2 |  2.4
Fighting       | 3 |  3.7
Axes           | 5 |  5.1
Throwing       | |  1.7
Dodging        | |  2.4

Action                   |  1- 3 |  4- 6 || total
-------------------------+-------+-------++-------
Melee: War axe           |    99 |    29 ||   128
Throw: Dart              |       |     3 ||     3
  Use: Scroll            |     4 |       ||     4
  Eat: Chunk             |     1 |     2 ||     3
Armor: Leather armour    |    31 |     7 ||    38
Dodge: Dodged            |    77 |    19 ||    96
